 Dungeon Crawl Stone Soup version 0.16.1-51-g6203257 (webtiles) character file.

18737 hannobal the Carver (level 12, 0/82 HPs)
             Began as a Human Wanderer on July 16, 2015.
             Was a Priest of Ru.
             Succumbed to a spiny frog's poison
             ... on level 1 of the Lair of Beasts.
             The game lasted 00:56:08 (13148 turns).

hannobal the Carver (Human Wanderer)               Turns: 13148, Time: 00:56:08

Health: 0/82       AC: 13    Str: 26    XL:     12   Next: 98%
Magic:  17/17      EV: 12    Int: 12    God:    Ru [***...]
Gold:   680        SH: 11    Dex: 11    Spells: 0 memorised, 16 levels left

rFire  + . .     SeeInvis +     a - +7 long sword "hannobal's Foe" {freeze, +Inv SInv}
rCold  + . .     Clarity  .     n - +1 scale mail of Luakuaw {-Cast rF+ rC+ Str+2 Slay+2}
rNeg   . . .     SustAb   .     s - +0 shield
rPois  .         Gourm    .     x - +0 helmet
rElec  .         Spirit   .     E - +0 cloak
rCorr  .         Warding  .     U - +1 pair of gloves
rMut   .         Stasis   .     L - +0 pair of boots
MR     .....     NoCast   +     (no amulet)
Stlth  ++........               F - +4 ring of evasion
                                y - +4 ring of strength

@: lethally poisoned (0 -> -3), not resistant to hostile enchantments,
unstealthy
A: low mp 1, no air magic, no hexes magic, no translocations magic, unskilled 1
a: Draw Out Power, Renounce Religion, Evoke Invisibility


You were on level 1 of the Lair of Beasts.
You worshipped Ru.
Ru was most pleased with you.
You were very full.

You visited 3 branches of the dungeon, and saw 13 of its levels.

You collected 680 gold pieces.

Inventory:

Hand weapons
 a - the +7 long sword "hannobal's Foe" (weapon) {freeze, +Inv SInv}
   (You found it on level 5 of the Dungeon)

   It has been specially enchanted to freeze those struck by it, causing extra
   injury to most foes and up to half again as much damage against particularly
   susceptible opponents.
   It can also slow down cold-blooded creatures.
   It enhances your eyesight.
   It lets you turn invisible.
 b - a +3 shortbow
 p - a +0 blowgun
 w - a +2 great sword of holy wrath
 A - a +2 rapier of venom
 M - a +1 scimitar of freezing
 Q - a +1 trident of piercing
 X - a +1 scimitar of draining
Missiles
 d - 54 poisoned needles
 e - 179 arrows
 k - 4 tomahawks of returning
 q - 7 needles of sleeping
 z - 36 arrows of frost
 B - 4 javelins (quivered)
 S - 17 arrows of flame
 Z - 7 needles of confusion
Armour
 n - the +1 scale mail of Luakuaw (worn) {-Cast rF+ rC+ Str+2 Slay+2}
   (You found it on level 4 of the Dungeon)

   It affects your strength (+2).
   It affects your accuracy and damage with ranged weapons and melee attacks
   (+2).
   It protects you from fire.
   It protects you from cold.
   It prevents spellcasting.
 s - a +0 shield (worn)
 x - a +0 helmet (worn)
 E - a +0 cloak (worn)
 L - a +0 pair of boots (worn)
 R - a troll hide
 U - a +1 pair of gloves (worn)
Magical staves
 O - an uncursed staff of poison
Jewellery
 j - an uncursed ring of protection from cold
 y - a +4 ring of strength (left hand)
 C - an uncursed amulet of stasis
 F - a +4 ring of evasion (right hand)
 W - a +4 ring of dexterity
Magical devices
 g - a wand of enslavement (8)
 o - a wand of cold (3)
 K - a wand of digging (13)
 T - a wand of disintegration (12)
Scrolls
 i - 4 scrolls of identify
 r - 6 scrolls of remove curse
 v - 4 scrolls of enchant weapon
 H - 2 scrolls of fog
 I - a scroll of blinking
 N - 2 scrolls of teleportation
Potions
 l - 3 potions of haste
 t - a potion of berserk rage
 J - a potion of agility
 P - a potion of cancellation
 Y - a potion of invisibility
Books
 m - a book of Beasts

   Spells                             Type                      Level
   a - Summon Butterflies             Summoning                    1
   b - Call Canine Familiar           Summoning                    3
   c - Summon Ice Beast               Ice/Summoning                4
   d - Summon Mana Viper              Hexes/Summoning              5
   e - Monstrous Menagerie            Summoning                    6
   f - Summon Hydra                   Summoning                    7
 u - the Collected Works on Conjuration and the Volcanoes

   Spells                             Type                      Level
   a - Flame Tongue                   Conjuration/Fire             1
   b - Conjure Flame                  Conjuration/Fire             3
 D - a book of Hinderance

   Spells                             Type                      Level
   a - Confusing Touch                Hexes                        2
   b - Confuse                        Hexes                        3
   c - Petrify                        Transmutation/Earth          4
   d - Metabolic Englaciation         Hexes/Ice                    5
   e - Gell's Gravitas                Hexes/Translocation          5
   f - Summon Mana Viper              Hexes/Summoning              5
 G - a book of Geomancy

   Spells                             Type                      Level
   a - Sandblast                      Earth                        1
   b - Stoneskin                      Transmutation/Earth          2
   c - Passwall                       Transmutation/Earth          3
   d - Stone Arrow                    Conjuration/Earth            3
   e - Petrify                        Transmutation/Earth          4
   f - Lee's Rapid Deconstruction     Earth                        5
Miscellaneous
 V - a crystal ball of energy
Comestibles
 c - 6 slices of pizza
 f - 8 bread rations
 h - 7 meat rations


   Skills:
 - Level 3.6 Fighting
 - Level 14.0 Long Blades
 - Level 8.1 Bows
 - Level 0.8 Throwing
 + Level 3.8 Armour
 - Level 1.4 Dodging
 - Level 5.0 Stealth
 - Level 6.1 Shields
 - Level 2.6 Spellcasting


You had 16 spell levels left.
You didn't know any spells.

Dungeon Overview and Level Annotations

Branches:
Dungeon (11/15)            Temple (1/1) D:5            Lair (1/8) D:9
    Orc: D:9-12

Altars:
Ashenzari
Cheibriados
Dithmenos
Elyvilon
Fedhas
Gozag
Kikubaaqudgha
Makhleb
Nemelex Xobeh
Okawaru
Qazlal
Ru
Sif Muna
Trog
Vehumet
Xom
Yredelemnul
Zin
The Shining One
Beogh

Shops:
D:5 (


Innate Abilities, Weirdness & Mutations

Your magical capacity is low (-10% MP).
You cannot study or cast Air magic.
You cannot study or cast Hexes magic.
You cannot study or cast Translocations magic.
You are somewhat unskilled (-1 Apt).


Message History

The spiny frog stings you!
* * * LOW HITPOINT WARNING * * *
You are poisoned.
The spiny frog poisons you!
You feel sick.
You feel sick. The spiny frog stings you!
* * * LOW HITPOINT WARNING * * *
The spiny frog closely misses you.
* * * LOW HITPOINT WARNING * * *
You feel sick.
* * * LOW HITPOINT WARNING * * *
You feel sick.
Drink which item? (? for menu, Esc to quit)
Okay, then.
* * * LOW HITPOINT WARNING * * *
You feel sick.
* * * LOW HITPOINT WARNING * * *
You feel sick.
There is a staircase back to the Dungeon here.
You die...

.....(..............#..P##....
.......#..#....#...##.........
..♣....######.##.....P........
≈.......# ##...#...........#
.≈♣......###......####.....##
≈........##.......####....##
.≈............#....#......#
≈≈............#......####..#
≈♣..............@..### .....
≈♣.#............F.## ....
...#.####.......D..# #. ..#..#
##........## .##.# ##........#
....# ##.....### ....#
##.....P##... ###.##
#..........# # #..#
###..##......#


You could see a seven-headed hydra and a spiny frog.

Vanquished Creatures
  A hydra (D:9)
  The ghost of raikaria the Thaumaturge, an experienced DrSu of Okawaru (D:11)
  Erolcha (D:9)
  A hill giant (D:11)
  An ugly thing (D:10)
  2 komodo dragons (D:9)
  A troll (D:9)
  5 polar bears
  A centaur simulacrum (D:11)
  A deep elf mage (D:9)
  A wyvern (D:8)
  2 water elementals
  11 yaks
  2 hippogriffs
  A hungry ghost (D:6)
  A steam dragon (D:9)
  A mottled dragon (D:9)
  A wolf (D:11)
  2 water moccasins
  A black bear (D:9)
  4 orc warriors
  A necrophage (D:10)
  3 ice beasts
  An ogre (D:8)
  2 phantoms
  3 crocodiles
  A wasp (D:11)
  3 centaurs
  A sky beast (D:6)
  The ghost of raikaria the Caller, an average DrSu (D:3)
  5 big kobolds
  Sigmund (D:7)
  9 giant frogs
  A gnoll sergeant (D:10)
  3 scorpions
  A water moccasin skeleton (D:8)
  3 wights (D:8)
  A centaur zombie (D:7)
  2 electric eels
  2 goliath beetles
  A quasit (D:10)
  7 crimson imps
  A gnoll shaman (D:8)
  A water moccasin simulacrum (D:11)
  10 iguanas
  2 hounds
  2 jellies
  6 orc priests
  3 centaur skeletons
  A giant frog zombie (D:8)
  9 orc wizards
  4 worker ants
  2 sheep (D:9)
  A killer bee zombie (D:10)
  2 giant frog simulacra (D:11)
  A hound zombie (D:10)
  A mummy (D:10)
  3 worker ant zombies
  10 gnolls
  8 adders
  7 white imps
  2 shadow imps
  3 ufetubi (D:11)
  5 giant geckos
  35 orcs
  19 bats
  10 giant cockroaches
  10 hobgoblins
  26 kobolds
  4 quokkas
  3 ball pythons
  5 giant newts
  14 goblins
  4 jackals (D:4)
  A quokka skeleton (D:8)
  A quokka zombie (D:5)
  10 rats
320 creatures vanquished.

Vanquished Creatures (others)
  An ogre (D:8)
  An ice beast (D:7)
  An orc wizard (D:11)
  A fungus (Lair:1)
  A plant (D:9)
  4 toadstools (D:1)
9 creatures vanquished.

Grand Total: 329 creatures vanquished

Notes
Turn   | Place    | Note
--------------------------------------------------------------
     0 | D:1      | hannobal, the Human Wanderer, began the quest for the Orb.
     0 | D:1      | hannobal set off with: a +2 shortbow, the Collected Works on Conjuration and the Volcanoes, a potion of lignification, a +0 robe, 22 arrows, a bread ration
     0 | D:1      | Reached XP level 1. HP: 19/19 MP: 4/4
     0 | D:1      | Identified the Collected Works on Conjuration and the Volcanoes
   152 | D:1      | Reached XP level 2. HP: 25/25 MP: 6/6
   930 | D:2      | Reached XP level 3. HP: 30/30 MP: 7/7
  1339 | D:2      | You fall through a shaft!
  1345 | D:3      | Reached XP level 4. HP: 37/37 MP: 9/9
  1412 | D:3      | Noticed raikaria's ghost (average DrSu)
  2637 | D:4      | Reached skill level 1 in Dodging
  2637 | D:4      | Reached XP level 5. HP: 26/42 MP: 11/11
  2967 | D:4      | Got a jewelled scale mail
  2978 | D:4      | Identified the +1 scale mail of Luakuaw {-Cast rF+ rC+ Str+2 Slay+2} (You found it on level 4 of the Dungeon)
  3564 | D:5      | Entered Level 5 of the Dungeon
  3600 | D:5      | Found Igux's Weapon Shoppe.
  3738 | D:5      | Reached skill level 5 in Bows
  3744 | D:5      | Reached XP level 6. HP: 35/48 MP: 12/12
  3939 | D:5      | Got a translucent long sword
  3940 | D:5      | Identified the +7 long sword "hannobal's Foe" {freeze, +Inv SInv} (You found it on level 5 of the Dungeon)
  4131 | D:5      | Found a staircase to the Ecumenical Temple.
  4156 | D:5      | Reached skill level 1 in Long Blades
  4175 | Temple   | Entered the Ecumenical Temple
  4269 | Temple   | Became a worshipper of Ru the Awakened
  4460 | D:6      | Noticed a hungry ghost
  4473 | D:6      | Killed a hungry ghost
  4473 | D:6      | Reached XP level 7. HP: 54/54 MP: 14/14
  4807 | D:6      | Noticed a sky beast
  4815 | D:6      | Killed a sky beast
  4862 | D:6      | Reached skill level 5 in Long Blades
  5009 | D:6      | Reached XP level 8. HP: 58/60 MP: 16/16
  5272 | D:6      | Reached skill level 6 in Long Blades
  5497 | D:5      | Reached skill level 7 in Long Blades
  5601 | D:6      | Gained mutation: You are somewhat unskilled (-1 Apt). [Ru sacrifice]
  5601 | D:6      | Reduced skill Long Blades to level 6
  5601 | D:6      | Acquired Ru's first power
  5732 | D:7      | Reached skill level 7 in Long Blades
  5800 | D:7      | Identified a scroll of acquirement
  5874 | D:7      | Reached XP level 9. HP: 62/64 MP: 16/16
  5895 | D:7      | Noticed Sigmund
  6041 | D:8      | Found a shimmering altar of Xom.
  6052 | D:8      | Reached skill level 8 in Long Blades
  6470 | D:8      | Reached skill level 9 in Long Blades
  6717 | D:8      | Found a shimmering altar of Xom.
  7305 | D:9      | Reached skill level 10 in Long Blades
  7348 | D:9      | Found an iron altar of Okawaru.
  7467 | D:9      | Noticed a troll
  7484 | D:9      | Reached skill level 1 in Stealth
  7485 | D:9      | Killed a troll
  7485 | D:9      | Reached XP level 10. HP: 10/70 MP: 17/17
  8134 | D:9      | Gained mutation: You cannot study or cast Air magic. [Ru sacrifice]
  8134 | D:9      | Gained mutation: You cannot study or cast Hexes magic. [Ru sacrifice]
  8134 | D:9      | Gained mutation: You cannot study or cast Translocations magic. [Ru sacrifice]
  8134 | D:9      | Acquired Ru's second power
  8198 | D:9      | Reached skill level 5 in Stealth
  8199 | D:9      | Noticed a three-headed hydra
  8264 | D:9      | Killed a three-headed hydra
  8264 | D:9      | Reached skill level 11 in Long Blades
  8689 | D:9      | Noticed Erolcha
  8739 | D:10     | Entered Level 10 of the Dungeon
  8948 | D:10     | Noticed a brown ugly thing
  8974 | D:10     | Killed a brown ugly thing
  8974 | D:10     | Reached skill level 12 in Long Blades
  9236 | D:9      | Reached XP level 11. HP: 65/75 MP: 18/18
  9556 | D:10     | Found a burning altar of Makhleb.
  9556 | D:10     | Noticed a balrug
  9925 | D:10     | Reached XP level 12. HP: 82/82 MP: 19/19
  9963 | D:11     | Noticed raikaria's ghost (experienced DrSu)
 10462 | D:11     | Gained mutation: Your magical capacity is low (-10% MP). [Ru sacrifice]
 10462 | D:11     | Acquired Ru's third power
 10700 | D:11     | Reached skill level 13 in Long Blades
 11263 | D:11     | Killed raikaria's ghost
 11620 | D:3      | Killed raikaria's ghost
 11718 | D:7      | Killed Sigmund
 12166 | D:9      | Noticed a komodo dragon
 12172 | D:9      | Killed a komodo dragon
 12289 | D:9      | Noticed a komodo dragon
 12296 | D:9      | Killed a komodo dragon
 12420 | D:9      | Reached skill level 14 in Long Blades
 12520 | D:9      | Found a staircase to the Lair.
 12533 | D:9      | Reached skill level 1 in Armour
 12684 | D:9      | Found a roughly hewn altar of Beogh.
 12755 | D:9      | Killed Erolcha
 12842 | Lair:1   | Entered Level 1 of the Lair of Beasts
 13105 | Lair:1   | Noticed a seven-headed hydra
 13142 | Lair:1   | HP: 4/82 [spiny frog (7)]
 13146 | Lair:1   | HP: 1/82 [poisoned by a spiny frog]
 13148 | Lair:1   | Succumbed to a spiny frog's poison

Action                   |  1- 3 |  4- 6 |  7- 9 | 10-12 || total
-------------------------+-------+-------+-------+-------++-------
Melee: Short sword       |       |    32 |       |       ||    32
       Flail             |       |    80 |       |       ||    80
       Trident           |       |    43 |       |       ||    43
       Long sword        |       |    16 |   212 |   373 ||   601
       Great sword       |       |       |       |    42 ||    42
       Unarmed           |       |       |       |     6 ||     6
 Fire: Shortbow          |    71 |    22 |       |    47 ||   140
Throw: Javelin           |       |       |    12 |    14 ||    26
       Tomahawk          |       |       |     1 |     2 ||     3
Invok: Sacrifice Skill   |       |       |     1 |       ||     1
       Sacrifice Arcana  |       |       |       |     1 ||     1
       Sacrifice Essence |       |       |       |     1 ||     1
       Reject Sacrifices |       |       |       |     1 ||     1
Evoke: Wand              |       |       |     1 |    10 ||    11
  Use: Scroll            |     4 |     5 |     7 |     8 ||    24
       Potion            |     4 |     2 |     7 |     3 ||    16
 Stab: Sleeping          |       |       |       |     1 ||     1
       Fleeing           |       |       |       |     1 ||     1
       Invisible         |       |       |       |     1 ||     1
  Eat: Chunk             |     1 |    10 |     8 |       ||    19
       Fruit             |       |       |    11 |    15 ||    26
       Pizza             |       |       |     1 |       ||     1
       Royal jelly       |       |       |       |     1 ||     1
       Beef jerky        |       |       |       |     1 ||     1
